 Dungeon Crawl Stone Soup version 0.25-a0-161-gb7fd73da8f (webtiles) character file.

Game seed: 6886173448830517955, levelgen mode: deterministic

15 floatRand the Ducker (level 2, 20/23 HPs)
             Began as a Demonspawn Gladiator on Nov 21, 2019.
             Quit the game on level 1 of the Dungeon.
             The game lasted 00:00:23 (375 turns).

floatRand the Ducker (Demonspawn Gladiator)          Turns: 375, Time: 00:00:24

Health: 20/23      AC:  4    Str: 14    XL:     2   Next: 34%
Magic:  2/2        EV: 13    Int:  9    God:
Gold:   54         SH:  0    Dex: 14    Spells: 1/1 levels left

rFire    . . .     SeeInvis .   a - +0 long sword
rCold    . . .     Gourm    .   (no shield)
rNeg     . . .     Faith    .   b - +0 leather armour
rPois    .         Spirit   .   c - +0 helmet
rElec    .         Reflect  .   (no cloak)
rCorr    .         Harm     .   (no gloves)
MR       .....                  (no boots)
Stlth    +.........             (no amulet)
HPRegen  0.07/turn              (no ring)
MPRegen  0.08/turn              (no ring)

@: no status effects
A: claws 1
a: no special abilities


You were on level 1 of the Dungeon.
You were not hungry.

You visited 1 branch of the dungeon, and saw 1 of its levels.

You collected 54 gold pieces.

Inventory:

Hand Weapons
 a - a +0 long sword (weapon)
Missiles
 d - 3 throwing nets (quivered)
Armour
 b - a +0 leather armour (worn)
 c - a +0 helmet (worn)
Scrolls
 g - a scroll of teleportation {unknown}
 h - a scroll of fear {unknown}
 j - a scroll of remove curse {unknown}
Potions
 e - a potion of haste {unknown}
 i - a potion of might {unknown}
Comestibles
 f - 2 rations


   Skills:
 + Level 2.3 Fighting
 + Level 2.9 Long Blades
 - Level 1.7 Throwing
 + Level 3.0 Dodging


You had one spell level left.
You didn't know any spells.
Your spell library was empty.

Dungeon Overview and Level Annotations

Branches:
Dungeon (1/15)

Altars:


Innate Abilities, Weirdness & Mutations

You have sharp fingernails.


Message History

The goblin barely misses you.
You hit the goblin.
The goblin is severely wounded.
The frilled lizard misses you. The goblin closely misses you.
You riposte.
You closely miss the goblin.
The goblin is severely wounded.
You barely miss the frilled lizard.
The frilled lizard completely misses you.
You riposte.
You closely miss the frilled lizard. The goblin hits you but does no damage.
You slash the goblin!
You kill the goblin!
The frilled lizard bites you but does no damage. x2
You miss the frilled lizard. The frilled lizard barely misses you.
You completely miss the frilled lizard. The frilled lizard closely misses you.
You slash the frilled lizard!
You kill the frilled lizard!
No target in view!
No target in view!
Are you sure you want to abandon this character and quit the game? (Confirm with "yes".)

## .# .# .# ..
.# # #.####.###
#.#........
#........#
#..#...####.#
#...@.....#.#
#..#...##.#.###
#.....†........
##.##..#.....
#. #..#..#.# #
#.#...#.#
#.###..#.#
.##.#.....#
#........#####


There were no monsters in sight!

Vanquished Creatures
  A dart slug (D:1)
  A leopard gecko (D:1)
  A giant cockroach (D:1)
  3 goblins (D:1)
  A hobgoblin (D:1)
  A ball python (D:1)
  A frilled lizard (D:1)
  2 kobolds (D:1)
  A rat (D:1)
12 creatures vanquished.

Notes
Turn   | Place    | Note
-------+----------+-------------------------------------------
     0 | D:1      | floatRand the Demonspawn Gladiator began the quest for the
                  | Orb.
     0 | D:1      | Reached XP level 1. HP: 16/16 MP: 1/1
   305 | D:1      | Gained mutation: You have sharp fingernails. [demonic
                  | ancestry]
   305 | D:1      | Reached XP level 2. HP: 22/22 MP: 2/2
   362 | D:1      | Reached skill level 3 in Dodging
   375 | D:1      | Quit the game

Levels and vault maps discovered:
D:1:      kennysheep_arrival_seaside, layout_loops_ring, hex_medium

Skill      XL: |  1  2 |
---------------+-------+-----
Dodging        | 3 |  3.0
Fighting       | |  2.3
Long Blades    | |  2.9
Throwing       | |  1.7

Action                   || total
-------------------------++-------
Melee: Long sword        ||    38
Armor: Leather armour    ||    11
Dodge: Dodged            ||    25
       Rpst.: Long sword ||     3

Table legend:
 A = Non-vault XP
 B = Vault XP
 C = Vault XP percentage of total XP
 D = Non-vault monster count
 E = Vault monster count
 F = Vault count percentage of total count
                 A         B        C        D         E       F
            +---------+---------+-------+---------+---------+-------
      Total |      22 |       0 |   0.0 |      12 |       0 |   0.0
            +---------+---------+-------+---------+---------+-------
        D:1 |      22 |       0 |   0.0 |      12 |       0 |   0.0
            +---------+---------+-------+---------+---------+-------
